AoeStats
← TheQuietRiot

Arabia

506869907Analyzed
1v1 RM · 16d ago on Sep 15, 2026· 20m 28s· 2 players
Game mode
Random Map
Map size
Tiny (2 player)
Population
200
Speed
Normal
Resources
Standard
Victory
Conquest
Starting age
Dark Age
Ending age
Imperial Age
RankedLock teamsTeams togetherTeam positionsShared explorationLock speedFull tech treeHidden civsTurbo modeCheats
Victory
Defeat
🇬🇧 Teutons · United Kingdom
999
+15
🇺🇸 Japanese · United States
977
-15
Tuzz
10:52 Feudal Age
10:11 Loom
11:42 Man-at-Arms
13:21 Forging
17:22 Wheelbarrow
19:58 Scale Mail Armor
TheQuietRiot
5:11 Loom
10:13 Feudal Age
10:51 Double-Bit Axe
13:17 Horse Collar
17:40 Castle Age
15:54 Bloodlines
16:48 Forging
21:40 Wheelbarrow
Connection lost

Rejoining the realm…

Still unreachable

The connection could not be restored.

Session expired

The server has moved on; the page needs a fresh start.